 Dungeon Crawl Stone Soup version 0.29-a0-1047-g7c58e119a4 (webtiles) character file.

Game seed: 104900110652993162

2666 spiderkeys the Covert (level 9, -6/63 HPs)
             Began as an Octopode Cinder Acolyte on Aug 16, 2022.
             Was a Believer of Ignis.
             Mangled by a yak (9 damage)
             ... on level 8 of the Dungeon.
             The game lasted 00:13:23 (11150 turns).

spiderkeys the Covert (Octopode Cinder Acolyte)    Turns: 11150, Time: 00:13:23

Health: -6/63      AC:  8    Str: 13    XL:     9   Next: 63%
Magic:  0/15       EV: 15    Int: 17    God:    Ignis [**....]
Gold:   281        SH:  0    Dex: 11    Spells: 14/16 levels left

rFire   + . .      SeeInvis .   a - +0 falchion (flame)
rCold   . . .      Faith    .   (no shield)
rNeg    . . .      Spirit   +   (helmet restricted)
rPois   .          Reflect  .   G - amulet of guardian spirit
rElec   .          Harm     .   (no ring)
rCorr   .          Rampage  .   (no ring)
Will    .....                   (no ring)
Stlth   +++.......              (no ring)
HPRegen 0.20/turn               (no ring)
MPRegen 0.14/turn               (no ring)
                                (no ring)
                                (no ring)

@: confused, ambrosia-drunk, fiery-armoured
A: almost no armour, amphibious, 8 rings, camouflage 1, gelatinous body 1,
(nimble swimmer 1), tentacles
a: Renounce Religion, Fiery Armour, Foxfire Swarm, Rising Flame


You were on level 8 of the Dungeon.
You worshipped Ignis.
Ignis was pleased with you.
You visited 1 branch of the dungeon, and saw 9 of its levels.

You collected 320 gold pieces.
You spent 39 gold pieces at shops.


Innate Abilities, Weirdness & Mutations

You cannot wear most types of armour.
You are amphibious.
You can wear up to eight rings at the same time.
Your skin changes colour to match your surroundings (Stealth+).
Your rubbery body absorbs attacks. (AC +1, EV +1)
((You are camouflaged when in or above water. (Stealth+)))
You have tentacles for arms and can constrict up to eight enemies at once.


   Skills:
 + Level 6.8 Fighting
 + Level 6.8 Long Blades
 + Level 6.0 Dodging
 - Level 8.0 Stealth
 - Level 4.0 Spellcasting
 - Level 3.0 Fire Magic


You had 14 spell levels left.
You knew the following spells:

 Your Spells              Type           Power      Damage    Failure   Level
X - Scorch                Fire           26%        2d6       7%          2

Your spell library contained the following spells:

 Spells                   Type           Power      Damage    Failure   Level
 Summon Small Mammal      Summ           12%        N/A       16%         1
 Ensorcelled Hibernation  Hex/Ice        6%         N/A       24%         2
 Passwall                 Tmut/Erth      2%         N/A       24%         2
 Call Canine Familiar     Summ           3%         N/A       43%         3
 Gell's Gravitas          Tloc           3%         N/A       43%         3
 Lesser Beckoning         Tloc           3%         N/A       43%         3
 Summon Guardian Golem    Hex/Summ       3%         N/A       43%         3
 Swiftness                Air            3%         N/A       43%         3
 Teleport Other           Tloc           3%         N/A       43%         3

Inventory:

Hand Weapons
 a - a +0 falchion of flaming (weapon)
 r - a +0 falchion
   (You found it on level 4 of the Dungeon)
 u - a +2 dagger of venom
   (You took it off a goblin on level 4 of the Dungeon)
 v - a +0 falchion
   (You took it off an orc on level 5 of the Dungeon)
Missiles
 f - 87 stones (quivered)
 o - 2 throwing nets {=f!f}
 p - 9 poisoned darts
 s - 8 boomerangs
 A - 3 datura-tipped darts
Jewellery
 C - a ring of ice
   (You found it on level 2 of the Dungeon)
 G - an amulet of guardian spirit (around mantle)
   (You found it on level 4 of the Dungeon)
Wands
 m - a wand of quicksilver (1)
   (You found it on level 6 of the Dungeon)
 q - a wand of roots (16)
   (You found it on level 4 of the Dungeon)
 y - a wand of flame (17)
   (You found it on level 8 of the Dungeon)
Scrolls
 c - 2 scrolls of magic mapping {!r}
 j - a scroll of immolation {!r!r}
 n - a scroll of torment {!r}
 t - 2 scrolls of blinking {!r}
 w - a scroll of vulnerability {!r!r}
 x - a scroll of noise {!r}
 z - a scroll of poison {!r}
Potions
 b - a potion of cancellation {unknown}
 d - 2 potions of attraction {!q}
 e - 2 potions of brilliance {unknown}
 h - 4 potions of curing {@q1}
 i - a potion of haste {unknown}
 k - a potion of mutation {unknown}
 l - 2 potions of lignification {unknown}
 B - a potion of invisibility {unknown}

Dungeon Overview and Level Annotations

Branches:
Dungeon (9/15) Zot: 26681  Temple (0/1) D:7
   Lair: D:8-11         Orc: D:9-12

Altars:
Cheibriados
Fedhas
Gozag
Nemelex Xobeh
Okawaru
Qazlal
Wu Jian
Xom

Shops:
D:3 ! D:5

*=*
##....#.....#'#####...+..
...)..#...........#.. #..
......####'#......# ##.
.........!.#......# #.
...........#......# ..
....†......#......#
##....##...######.# #....
#Y†..#.....###### #...
#@...#....#.....# ....
#Y...#....#.....# ....
#....#....+.....# .
#....#....#.....#
#...##...##.....#
#...##... ......#
#....[... ......# #.....
......#


You could see 2 yaks.


Message History

😱 HP[-2] MP[+1]
You take 2 damage, and now have 14/63 hp.
You hit the yak but do no damage. You squeeze the yak. The yak gores you.
* * * LOW HITPOINT WARNING * * *
😱 HP[-1] MP[-1]
You take 1 damage, and now have 13/63 hp.
You lost 1 mp, and now have 3/15 mp.
You hit the yak. You burn the yak. The yak gores you!
* * * LOW HITPOINT WARNING * * *
😱 HP[-10] MP[-2]
You take 10 damage, and now have 3/63 hp.
You lost 2 mp, and now have 1/15 mp.
You barely miss the yak. You squeeze the yak. The yak barely misses you.
You hit the yak. You burn the yak.
You kill the yak!
You start resting. 😨 HP[+19] MP[+14]
You regained 19 hp, and now have 22/63 hp.
Your mp is fully restored (15).
You start resting. 😎 HP[+41]
Your hp is fully restored (63).
There is a stone staircase leading up here.
The orc priest shouts!
You climb upwards.
The yak gores you! x2
There is a stone staircase leading down, spattered with blood here. 😮 HP[-24] MP[-7]
You take 24 damage, and now have 39/63 hp.
MASSIVE DAMAGE!! (PAUSE)
You lost 7 mp, and now have 8/15 mp.
Really read
z - a scroll of poison {!r}?
Okay, then.
Okay, then.
A protective cloak of flame settles atop you.
The yak closely misses you. x2; The yak misses you.
Casting: Scorch (safe; 7% risk of failure)
Confirm with . or Enter, or press ? or * to list all spells.
Flames lash the yak.
The yak is burned terribly!
The yak barely misses you. The yak gores you.
The yak is burned by your cloak of flames.
The yak misses you. 😮 MP[-2]
You lost 2 mp, and now have 6/15 mp.
Casting: Scorch (safe; 7% risk of failure)
Confirm with . or Enter, or press ? or * to list all spells.
Flames lash the yak.
The yak is burned terribly!
The yak gores you. The yak misses you.
The yak closely misses you. 😮 HP[-5] MP[-2]
You take 5 damage, and now have 34/63 hp.
You lost 2 mp, and now have 4/15 mp.
Casting: Scorch (safe; 7% risk of failure)
Confirm with . or Enter, or press ? or * to list all spells.
Flames lash the yak.
The yak is burned terribly!
The yak gores you!
* * * LOW HITPOINT WARNING * * *
The yak is burned by your cloak of flames.
The yak misses you. The yak gores you.
* * * LOW HITPOINT WARNING * * *
The yak is burned terribly!
The yak is burned by your cloak of flames. 😨 HP[-8] MP[-3]
You take 8 damage, and now have 26/63 hp.
You lost 3 mp, and now have 1/15 mp.
You hit the yak but do no damage. You squeeze the yak.
The yak gores you but does no damage.
The yak is burned by your cloak of flames.
The yak barely misses you. The yak closely misses you.
You hit the yak. You burn the yak.
You kill the yak!
The yak closely misses you. x2
Your Dodging skill increases to level 6!
You hit the yak. You burn the yak. The yak gores you but does no damage.
The yak is burned by your cloak of flames.
The yak closely misses you. 😨 HP[+1] MP[+1]
You hit the yak. You burn the yak. Your squeeze misses the yak.
The yak gores you.
* * * LOW HITPOINT WARNING * * *
The yak is burned by your cloak of flames.
The yak gores you!
* * * LOW HITPOINT WARNING * * *
The yak is burned by your cloak of flames. 😱 HP[-16]
You take 16 damage, and now have 11/63 hp.
MASSIVE DAMAGE!! (PAUSE)
You feel better. The yak gores you!
* * * LOW HITPOINT WARNING * * *
The yak is burned by your cloak of flames.
The yak gores you!
* * * LOW HITPOINT WARNING * * *
The yak is burned by your cloak of flames. 😱 HP[-6] MP[-2]
You take 6 damage, and now have 5/63 hp.
You lost 2 mp, and now have 0/15 mp.
It was a potion of ambrosia.
You are confused.
You feel invigorated. The yak gores you!
* * * LOW HITPOINT WARNING * * *
The yak is burned by your cloak of flames.
The yak gores you!
You die...

Skill      XL: |  1  2  3  4  5  6  7  8  9 |
---------------+----------------------------+-----
Stealth        | 1 2 3 4 5 7 8 |  8.0
Dodging        | 1 2 3 4 6 |  6.0
Fighting       | 4 5 6 |  6.8
Long Blades    | 4 5 6 |  6.8
Spellcasting   | 2 4 |  4.0
Fire Magic     | |  3.0

Action                   |  1- 3 |  4- 6 |  7- 9 || total
-------------------------+-------+-------+-------++-------
Melee: Falchion          |    73 |   117 |   103 ||   293
       Constrict         |    20 |    30 |    17 ||    67
       Tentacles         |    11 |    27 |    29 ||    67
       Punch             |     1 |     3 |       ||     4
Throw: Dart              |       |     9 |     9 ||    18
       Boomerang         |       |     4 |     3 ||     7
 Cast: Scorch            |       |     1 |    58 ||    59
Invok: Foxfire Swarm     |       |       |     5 ||     5
       Fiery Armour      |       |       |     1 ||     1
Evoke: Wand              |       |     3 |     5 ||     8
  Use: Potion            |     2 |       |     5 ||     7
       Scroll            |       |     2 |    11 ||    13
 Stab: Sleeping          |     8 |    14 |     4 ||    26
Armor: Skin              |     3 |     9 |     9 ||    21
Dodge: Dodged            |    45 |    63 |    98 ||   206

Levels and vault maps discovered:
D:1:      sevenhm_arrival_forest_fort_large_2, layout_basic
D:2:      kennysheep_six_static_rooms, layout_basic,
          hellmonk_ecumenical_altar_watching_god, serial_aquarium,
          aquarium_bridge_long_joined [aquarium_subvault_bridge,
          aquarium_subvault_bridge, aquarium_subvault_wall,
          aquarium_subvault_wall, aquarium_subvault_window,
          aquarium_subvault_wall], aquarium_window_fake, aquarium_window_double,
          aquarium_window_corner, aquarium_view_2f, aquarium_pool_side,
          st_stairs_14
D:3:      minmay_inner_zag, layout_basic, xom_redecorated, serial_shops,
          nicolae_diamond_shop, chequers_garden, uniq_jessica
D:4:      layout_gridville
D:5:      layout_loops_ring, serial_shops, shop, nicolae_specific_store,
          minmay_misc_feat_doors, minmay_misc_feat_more_columns
D:6:      layout_basic, chei_slow_surprise, nemelex_diamond_rough_becter,
          lemuel_doored_altar
D:7:      layout_loops_corners, nzn_wu_jian_council_hall,
          minmay_temple_entry_from_below_b, uniq_duvessa
D:8:      layout_gridville, kennysheep_little_box,
          mainiacjoe_overflow_boulevard, minitemple
D:9:      layout_basic, mainiacjoe_overflow_concentric_impassable

Notes
Turn   | Place    | Note
-------+----------+-------------------------------------------
     0 | D:1      | spiderkeys the Octopode Cinder Acolyte began the quest for
                  | the Orb.
     0 | D:1      | Reached XP level 1. HP: 16/16 MP: 2/2
     0 | D:1      | magus.rc [v1.11.3]
    10 | D:1      | You fall into a shaft and drop 1 floor!
   116 | D:2      | You pick up a book of Displacement and begin reading...
   116 | D:2      | You add the spells Lesser Beckoning, Gell's Gravitas and
                  | Teleport Other to your library.
   223 | D:1      | Reached skill level 1 in Stealth
   223 | D:1      | Reached XP level 2. HP: 21/21 MP: 3/3
   606 | D:1      | Reached skill level 1 in Dodging
   980 | D:2      | Reached XP level 3. HP: 10/26 MP: 4/4
  1316 | D:2      | Noticed a floating eye
  1318 | D:2      | Found a faded altar of an unknown god.
  1319 | D:2      | Noticed a golden eye
  1319 | D:2      | Noticed a floating eye
  1319 | D:2      | Noticed a golden eye
  1355 | D:2      | Reached skill level 2 in Stealth
  1357 | D:2      | HP: 6/26 [adder (1)]
  1767 | D:2      | Reached XP level 4. HP: 31/31 MP: 5/5
  2302 | D:2      | You pick up a book of Callings and begin reading...
  2302 | D:2      | You add the spells Summon Small Mammal, Call Canine
                  | Familiar and Summon Guardian Golem to your library.
  2548 | D:3      | Noticed Jessica
  2558 | D:3      | Killed Jessica
  2683 | D:3      | Reached skill level 2 in Dodging
  2683 | D:3      | Reached skill level 3 in Stealth
  3043 | D:3      | Found a shimmering altar of Xom.
  3044 | D:3      | Found a shimmering altar of Xom.
  3045 | D:3      | Found a shimmering altar of Xom.
  3045 | D:3      | Found a shimmering altar of Xom.
  3045 | D:3      | Found a shimmering altar of Xom.
  3045 | D:3      | Found a shimmering altar of Xom.
  3046 | D:3      | Found a shimmering altar of Xom.
  3084 | D:3      | Reached XP level 5. HP: 36/37 MP: 6/6
  3090 | D:3      | Found Fillyjoics's Distillery.
  3098 | D:3      | Bought a potion of curing for 39 gold pieces
  3877 | D:4      | Learned a level 2 spell: Scorch
  3934 | D:4      | Noticed a black bear
  3939 | D:4      | Killed a black bear
  3940 | D:4      | Reached skill level 4 in Fighting
  3940 | D:4      | Reached skill level 4 in Long Blades
  3940 | D:4      | Reached XP level 6. HP: 31/43 MP: 4/8
  4041 | D:4      | Reached skill level 4 in Stealth
  4142 | D:4      | You pick up a book of Burglary and begin reading...
  4142 | D:4      | You add the spells Passwall, Ensorcelled Hibernation and
                  | Swiftness to your library.
  5131 | D:5      | Entered Level 5 of the Dungeon
  5584 | D:5      | Reached skill level 3 in Dodging
  5634 | D:5      | Reached XP level 7. HP: 41/49 MP: 7/9
  5652 | D:5      | Reached skill level 2 in Spellcasting
  5964 | D:5      | Reached skill level 5 in Stealth
  6250 | D:5      | Found Irchifau's Jewellery Shop.
  6342 | D:5      | Found Ukunack's Specific Store.
  6348 | D:5      | Found Nymah's General Store.
  7085 | D:6      | Found a snail-covered altar of Cheibriados.
  7130 | D:6      | Reached skill level 5 in Long Blades
  7175 | D:6      | Found a blossoming altar of Fedhas.
  7259 | D:6      | Reached skill level 5 in Fighting
  7259 | D:6      | Reached XP level 8. HP: 55/55 MP: 12/12
  7275 | D:6      | Reached skill level 3 in Spellcasting
  7488 | D:6      | Reached skill level 4 in Dodging
  7488 | D:6      | Reached skill level 6 in Stealth
  7951 | D:6      | Found a sparkling altar of Nemelex Xobeh.
  8357 | D:7      | HP: 14/56 [steam dragon (7)]
  8358 | D:7      | HP: 5/56 [steam dragon/ball of steam (5)]
  8634 | D:7      | Noticed Duvessa
  8634 | D:7      | Noticed Dowan
  8642 | D:7      | Killed Duvessa
  8661 | D:7      | Killed Dowan
  8929 | D:7      | Found a staircase to the Ecumenical Temple.
  8943 | D:7      | Noticed a wyvern
  8947 | D:7      | Killed a wyvern
  8948 | D:7      | Reached skill level 7 in Stealth
  8948 | D:7      | Reached skill level 4 in Spellcasting
  8948 | D:7      | Reached XP level 9. HP: 45/62 MP: 3/15
  9352 | D:7      | Reached skill level 6 in Fighting
  9352 | D:7      | Reached skill level 5 in Dodging
  9353 | D:7      | Reached skill level 6 in Long Blades
  9501 | D:7      | Found an ornate altar of the Wu Jian Council.
 10414 | D:8      | Found a stormy altar of Qazlal.
 10418 | D:8      | Found an iron altar of Okawaru.
 10451 | D:8      | HP: 13/62 [wyvern (18)]
 10453 | D:8      | Reached skill level 8 in Stealth
 10724 | D:8      | Found an opulent altar of Gozag.
 10828 | D:8      | HP: 15/63 [yak (8)]
 10836 | D:9      | HP: 14/63 [yak (2)]
 10838 | D:9      | HP: 3/63 [yak (10)]
 11147 | D:8      | Reached skill level 6 in Dodging
 11148 | D:8      | HP: 11/63 [yak (12)]
 11149 | D:8      | HP: 5/63 [yak (11)]
 11150 | D:8      | Mangled by a yak

Vanquished Creatures
  2 wyverns
  2 steam dragons
  3 yaks
  Duvessa (D:7)
  2 black bears
  A sky beast (D:8)
  An ogre (D:5)
  2 centaurs (D:8)
  2 bullfrogs (D:6)
  A necrophage (D:8)
  2 scorpions
  Dowan (D:7)
  A howler monkey (D:4)
  4 hounds
  An orc priest (D:6)
  2 gnoll boudas
  An iron imp (D:6)
  Jessica (D:3)
  2 iguanas
  2 orc wizards (D:6)
  13 gnolls
  8 adders
  A shadow imp (D:6)
  4 worms
  2 dart slugs
  8 orcs
  6 bats
  5 endoplasms
  2 giant cockroaches
  5 goblins
  6 hobgoblins
  13 jackals
  5 quokkas
  A ball python (D:1)
  5 frilled lizards
  5 kobolds
  8 rats
131 creatures vanquished.

Vanquished Creatures (others)
  74 foxfires
74 creatures vanquished.

Grand Total: 205 creatures vanquished

Table legend:
 A = Non-vault XP
 B = Vault XP
 C = Vault XP percentage of total XP
 D = Non-vault monster count
 E = Vault monster count
 F = Vault count percentage of total count
                 A         B        C        D         E       F
            +---------+---------+-------+---------+---------+-------
      Total |    3483 |     326 |   8.6 |     117 |      14 |  10.7
            +---------+---------+-------+---------+---------+-------
        D:1 |      26 |       0 |   0.0 |      15 |       0 |   0.0
        D:2 |      59 |      20 |  25.3 |      21 |       6 |  22.2
        D:3 |      30 |      55 |  64.7 |       8 |       5 |  38.5
        D:4 |     265 |       0 |   0.0 |      24 |       0 |   0.0
        D:5 |     477 |       0 |   0.0 |      17 |       0 |   0.0
        D:6 |     746 |      40 |   5.1 |      13 |       1 |   7.1
        D:7 |     612 |     211 |  25.6 |      11 |       2 |  15.4
        D:8 |    1062 |       0 |   0.0 |       7 |       0 |   0.0
        D:9 |     206 |       0 |   0.0 |       1 |       0 |   0.0
            +---------+---------+-------+---------+---------+-------

Illustrated notes

Table legend:
 A = Kills in this place as a percentage of kills in entire the game.
 B = Kills by you in this place as a percentage of kills by you in the entire game.
 C = Kills by friends in this place as a percentage of kills by friends in the entire game.
 D = Other kills in this place as a percentage of other kills in the entire game.
 E = Experience gained in this place as a percentage of experience gained in the entire game.
 F = Experience gained in this place divided by the number of levels of this place that you have seen.
                   A       B       C       D       E      F
               +-------+-------+-------+-------+-------+----------------------
         Total | 100.0 | 100.0 |   N/A |   N/A | 100.0 | 423.2
       Dungeon | 100.0 | 100.0 |   N/A |   N/A | 100.0 | 423.2
               +-------+-------+-------+-------+-------+----------------------

Table legend: (Time is in decaauts)
 A = Elapsed time spent in this place.
 B = Non-inter-level travel time spent in this place.
 C = Inter-level travel time spent in this place.
 D = Time resting spent in this place.
 E = Time spent auto-exploring this place.
 F = Levels seen in this place.
 G = Mean time per level.
                   A        B        C        D        E       F      G
               +--------+--------+--------+--------+--------+-----+--------+
         Total |  11184 |  10898 |    286 |   1284 |   8541 |   9 | 1242.7 |
       Dungeon |  11184 |  10898 |    286 |   1284 |   8541 |   9 | 1242.7 |
               +--------+--------+--------+--------+--------+-----+--------+

Top non-repeatable levels by time:
     D:4: 1783 daAuts
     D:2: 1667 daAuts
     D:6: 1651 daAuts
     D:7: 1495 daAuts
     D:5: 1225 daAuts
     D:3: 1219 daAuts
     D:8: 1003 daAuts
     D:1: 830 daAuts
     D:9: 307 daAuts
